 Dungeon Crawl Stone Soup version 0.20.1-1-g8b1a95d (webtiles) character file.

44 letownia2 the Grave Robber (level 3, 17/28 HPs)
             Began as a Deep Dwarf Necromancer on Nov 2, 2017.
             Quit the game on level 3 of the Dungeon.
             The game lasted 00:02:24 (636 turns).

letownia2 the Grave Robber (Deep Dwarf Necromancer)  Turns: 636, Time: 00:02:24

Health: 17/28      AC:  3    Str: 11    XL:     3   Next: 41%
Magic:  1/6        EV: 12    Int: 16    God:
Gold:   29         SH:  0    Dex: 13    Spells: 2/6 levels left

rFire    . . .     SeeInvis .   a - +1 short sword
rCold    . . .     Gourm    .   (no shield)
rNeg     . . .     Faith    .   g - +0 leather armour
rPois    .         Spirit   .   (no helmet)
rElec    .         Reflect  .   (no cloak)
rCorr    .         Harm     .   (no gloves)
MR       .....                  (no boots)
Stlth    ++........             (no amulet)
Regen    0.0/turn               (no ring)
MPRegen  0.1/turn               (no ring)

@: non-regenerating
A: damage resistance, heal wounds, sense surroundings 1, no regeneration
a: Heal Wounds


You were on level 3 of the Dungeon.
You were not hungry.

You visited 1 branch of the dungeon, and saw 4 of its levels.

You collected 29 gold pieces.

Inventory:

Hand Weapons
 a - a +1 short sword (weapon)
Armour
 g - a +0 leather armour (worn)
Wands
 d - a wand of iceblast (9/15)
 f - a wand of acid (10/15)
Potions
 h - a potion of mutation {unknown}
Books
 b - a book of Necromancy

   Spells                             Type                      Level
   a - Pain                           Necromancy                   1
   b - Animate Skeleton               Necromancy                   1
   c - Vampiric Draining              Necromancy                   3
   d - Regeneration                   Charms/Necromancy            3
   e - Animate Dead                   Necromancy                   4
   f - Control Undead                 Necromancy                   4
Comestibles
 c - a bread ration
 j - 4 chunks of flesh


   Skills:
 - Level 0.1 Fighting
 - Level 0.2 Armour
 - Level 2.1 Dodging
 - Level 2.4 Stealth
 - Level 2.1 Spellcasting
 + Level 5.4 Necromancy


You had 2 spell levels left.
You knew the following spells:

 Your Spells              Type           Power        Failure   Level  Hunger
a - Pain                  Necr           ###.         2%          1    #......
v - Vampiric Draining     Necr           ###.......   9%          3    ###....


Dungeon Overview and Level Annotations

Branches:
Dungeon (4/15)
 Temple: D:4-7

Altars:

Annotations:
D:4 Dowan; Duvessa; Ymberto's ghost, amateur DEFE


Innate Abilities, Weirdness & Mutations

You are resistant to damage.
You can heal yourself by infusing magical energy.
You passively map a small area around you.
You do not regenerate.


Message History

The rat bites you but does no damage. The jackal closely misses you.
The kobold hits you with a club. The jackal misses you.
The kobold barely misses you.
Unknown command.
You hit the kobold.
You kill the kobold!
The jackal bites you. The rat bites you. The jackal bites you. x2
The kobold closely misses you. The rat closely misses you.
The jackal closely misses you.
Things that are here:
21 stones; a club Unknown command.
The rat bites you but does no damage.
There is an open door here.
You aren't carrying any pieces of jewellery.
Unknown command.
Okay, then.
Evoke which item? (* to show all) (? for menu, Esc to quit)
Okay, then.
Are you sure you want to abandon this character and quit the game? (Confirm with "yes".)

, , , ,, , , , ≈ ≈
≈≈ ≈ ≈ ≈ ≈≈ ≈≈ ≈ ≈
≈ ≈ ##### ≈ ≈ ≈
#...###############
≈≈ ≈
#...#..............
≈ ≈
#.@.#.......K......
##r##KK.......(....
≈ ≈
#hhKKK.########KK.
≈ ≈#KKK...# #(.K ≈
≈#KKK(..########...
*
*#K##..............
#.KK#..(...........
#...#..(....[......
#...###############


You could see 2 jackals, 9 kobolds and a rat.

Vanquished Creatures
  3 adders (D:2)
  A dart slug (D:1)
  A leopard gecko (D:3)
  2 giant cockroaches (D:2)
  A goblin (D:3)
  A frilled lizard (D:2)
  7 kobolds
  A rat (D:1)
17 creatures vanquished.

Notes
Turn   | Place    | Note
-------+----------+-------------------------------------------
     0 | D:1      | letownia2 the Deep Dwarf Necromancer began the quest for the Orb.
     0 | D:1      | Reached XP level 1. HP: 15/15 MP: 3/3
   221 | D:2      | Reached XP level 2. HP: 20/22 MP: 1/4
   329 | D:2      | Reached skill level 5 in Necromancy
   393 | D:2      | Reached XP level 3. HP: 26/28 MP: 0/6
   402 | D:2      | Learned a level 3 spell: Vampiric Draining
   559 | D:4      | Noticed Ymberto's ghost (amateur DEFE)
   564 | D:4      | Noticed Duvessa
   565 | D:4      | Noticed Dowan
   636 | D:3      | Quit the game

Skill      XL: |  1  2 |
---------------+-------+-----
Spellcasting   | 2 |  2.1
Necromancy     | 5 |  5.4
Fighting       | |  0.1
Armour         | |  0.2
Dodging        | |  2.1
Stealth        | |  2.4

Action                   || total
-------------------------++-------
Melee: Short sword       ||    10
 Cast: Pain              ||    29
       Vampiric Draining ||     2
  Use: Scroll            ||     4
Armor: Leather armour    ||    19
Dodge: Dodged            ||    75
